 Dungeon Sprint DCSS version 0.30-a0-1103-g25895a7845 (webtiles) character file.

Game seed: 3311388655052333340

129 123456 the Trooper (level 4, -6/48 HPs)
             Began as a Minotaur Fighter on Apr 18, 2023.
             Killed from afar by an orc wizard (9 damage)
             ... with a puff of flame
             ... in the Dungeon (Sprint IX: "|||||||||||||||||||||||||||||").
             The game lasted 00:00:50 (67 turns).

123456 the Trooper (Minotaur Fighter)                 Turns: 67, Time: 00:00:51

Health: -6/48      AC:  7    Str: 23    XL:     4   Next: 88%
Magic:  3/3        EV: 10    Int:  5    God:
Gold:   0          SH:  4    Dex:  9    Spells: 3/3 levels left

rFire   . . .      SeeInvis .    a - +0 flail
rCold   . . .      Faith    .    c - +0 buckler
rNeg    . . .      Spirit   .    b - +0 scale mail
rPois   .          Reflect  .    (helmet restricted)
rElec   .          Rampage  .    (no cloak)
rCorr   .          NoTele   +    (no gloves)
Will    .....                    (no boots) Stlth
                                 (no amulet)
HPRegen 0.28/turn                (no ring)
MPRegen 0.08/turn                (no ring)

@: no status effects
A: horns 2, retaliatory headbutt
a: no special abilities


You were in the Dungeon.
You visited 1 branch

Inventory:

Hand Weapons
 a - a +0 flail (weapon)
Armour
 b - a +0 scale mail (worn)
 c - a +0 buckler (worn)
Scrolls
 j - a scroll of blinking
Potions
 d - a potion of might
 e - a potion of curing
 f - a potion of heal wounds
 g - a potion of haste
 h - 2 potions of magic
 i - a potion of berserk rage


   Skills:
 * Level 7.7 Fighting
 * Level 7.1 Maces & Flails
 + Level 6.0 Armour
 + Level 3.9 Dodging
 - Level 3.6 Shields


You had 3 spell levels left.
You didn't know any spells.
Your spell library was empty.

Dungeon Overview and Level Annotations

Branches:
Dungeon (1/1)

Altars:


Innate Abilities, Weirdness & Mutations

You have a pair of horns on your head.
You reflexively headbutt those who attack you in melee.


Message History

The phantom is moderately damaged.
The phantom hits you.
* * * LOW HITPOINT WARNING * * *
You miss the phantom.
The phantom is moderately damaged.
The phantom hits you but does no damage.
The phantom misses you.
You sock the phantom!
The phantom is almost destroyed.
The phantom barely misses you.
You barely miss the phantom.
The phantom is almost destroyed.
The phantom hits you but does no damage.
You hit the phantom.
You destroy the phantom!
Your Fighting skill increases to level 7!
Your Maces & Flails skill gained 2 levels and is now at level 7!
Your Armour skill increases to level 6!
Your Dodging skill increases to level 3!
You have reached level 4!
You feel stronger.
You miss something.
An orc wizard appears from thin air!
Reactivating autopickup.
The orc wizard barely misses you.
You barely miss the orc wizard. The orc wizard casts a spell at you.
The magic dart hits you.
* * * LOW HITPOINT WARNING * * *
You hit the orc wizard.
The orc wizard is heavily wounded.
The orc wizard casts a spell at you. You resist with some effort.
The orc wizard barely misses you.
You hit the orc wizard.
The orc wizard is heavily wounded.
The orc wizard barely misses you.
You barely miss the orc wizard.
The orc wizard is heavily wounded.
The orc wizard points at you and mumbles some strange words.
The puff of flame hits you!
You die...

▓.▓
▓.▓
▓†▓
▓.▓
▓.▓
▓.▓
▓.▓
▓.▓
▓@▓
▓o▓
▓.▓
▓.▓
▓.▓
▓.▓
▓+▓


You could see an orc wizard.

Vanquished Creatures
  A phantom (D)
  A hound (D)
  2 adders (D)
  A dart slug (D)
  A bat (D)
  An endoplasm (D)
  A hobgoblin (D)
  A frilled lizard (D)
9 creatures vanquished.

Notes
Turn   | Place    | Note
-------+----------+-------------------------------------------
     0 | D        | 123456 the Minotaur Fighter began the quest for the Orb.
     0 | D        | Reached XP level 1. HP: 19/19 MP: 0/0
     8 | D        | Reached skill level 1 in Dodging
    37 | D        | Noticed a hound
    37 | D        | Noticed a phantom
    37 | D        | Noticed an orc wizard
    48 | D        | Killed a hound
    49 | D        | Reached skill level 5 in Fighting
    49 | D        | Reached skill level 5 in Maces & Flails
    49 | D        | Reached XP level 2. HP: 10/30 MP: 1/1
    49 | D        | Reached XP level 3. HP: 12/37 MP: 2/2
    55 | D        | Reached skill level 5 in Armour
    58 | D        | HP: 1/38 [phantom (5)]
    62 | D        | Killed a phantom
    63 | D        | Reached XP level 4. HP: 3/48 MP: 3/3
    64 | D        | HP: 2/48 [orc wizard/magic dart (1)]
    67 | D        | Killed from afar by an orc wizard

Illustrated notes

Levels and vault maps discovered:
D:        linesprint [early_d, line_temple, items_1, d_10, items_2, lair_1,
          lair_end, items_3, orc_1, orc_end, items_4, d_15, swamp_1, shoals_1,
          snake_1, spider_1, d_20, vaults_1, items_5, swamp_end, shoals_end,
          snake_end, spider_end, vaults_end, d_27, items_6, zot_1, zot_end,
          crypt_end, forest_end, elf_end, slime_end, tomb_end, abyss_end,
          pan_hell_end]

Skill      XL: |  1  2  3 |
---------------+----------+-----
Fighting       | 5 7 |  7.7
Maces & Flails | 5 7 |  7.1
Dodging        | 2 3 |  3.9
Armour         | 4 6 |  6.0
Shields        | |  3.6

Action                     |  1- 3 |  4- 6 || total
---------------------------+-------+-------++-------
  Melee: Flail             |    35 |     5 ||    40
         Headbutt          |     3 |       ||     3
 Armour: Scale mail        |    13 |       ||    13
  Dodge: Dodged            |    17 |     3 ||    20
  Block: Buckler           |    10 |       ||    10

Table legend: (Time is in decaauts)
 A = Elapsed time spent in this place.
 B = Non-inter-level travel time spent in this place.
 C = Inter-level travel time spent in this place.
 D = Time resting spent in this place.
 E = Time spent auto-exploring this place.
 F = Levels seen in this place.
 G = Mean time per level.
                   A        B        C        D        E       F      G
               +--------+--------+--------+--------+--------+-----+--------+
         Total |     76 |     76 |      0 |     16 |      7 |   1 |   76.0 |
       Dungeon |     76 |     76 |      0 |     16 |      7 |   1 |   76.0 |
               +--------+--------+--------+--------+--------+-----+--------+

Top non-repeatable levels by time:
       D: 76 daAuts
